 Dungeon Crawl Stone Soup version 0.24.1-14-gf8d2b509d9 (webtiles) character file.

Game seed: 9940714046880231318, levelgen mode: deterministic

672904 gwm the Swordmaster (level 27, -44/273 HPs)
             Began as a Minotaur Fighter on June 1, 2020.
             Was a High Priest of Okawaru.
             Killed from afar by Konakomp the pandemonium lord (76 damage)
             ... with an iron shot
             ... in Pandemonium on June 4, 2020.
             The game lasted 06:08:33 (72551 turns).

gwm the Swordmaster (Minotaur Fighter)             Turns: 72551, Time: 06:08:34

Health: -44/273    AC: 44    Str: 38    XL:     27
Magic:  30/36      EV: 20    Int:  4    God:    Okawaru [*****.]
Gold:   3479       SH: 32    Dex: 13    Spells: 26/26 levels left

rFire    x . .     SeeInvis +   b - +8 double sword (holy)
rCold    + . .     Gourm    .   m - +3 large shield
rNeg     + + +     Faith    .   B - +15 plate armour of Tatz {rPois Int+4}
rPois    +         Spirit   .   l - +2 hat {MR+}
rElec    +         Reflect  .   p - +0 cloak "Benef" {+Inv Regen+}
rCorr    .         Harm     .   T - +4 pair of gloves of the Princeling {rF- MR+ Str+3}
MR       ++++.                  S - +0 pair of boots of Precision Catastrophes {rElec rC+ rN+ Int-2}
Stlth    ..........             L - amulet of regeneration
HPRegen  1.35/turn              D - ring of see invisible
MPRegen  0.25/turn              i - ring of Angoagen {rPois rN+++ MP+9 Str+2 Int-3}

@: heroism, finesse, very slightly contaminated, studying Slings
A: retaliatory headbutt, horns 2, agile 1, blink, blurry vision 1, deformed
body, low mp 1, sense surroundings 1, MP-powered wands
}: 3/15 runes: serpentine, barnacled, silver
a: Blink, Heroism, Finesse, Renounce Religion, Evoke Invisibility


You were in Pandemonium.
You worshipped Okawaru.
Okawaru was extremely pleased with you.
You were not hungry.

You visited 13 branches of the dungeon, and saw 59 of its levels.
You visited Pandemonium 1 time, and saw 2 of its levels.
You visited the Abyss 3 times.
You also visited: Sewer.

You collected 7135 gold pieces.
You spent 3656 gold pieces at shops.

Inventory:

Hand Weapons
 a - the +3 double sword "Detidox Itha" {slice, rN++ Stlth+}
   (You acquired it on level 10 of the Dungeon)

   It inflicts extra damage upon your enemies.
   It greatly protects you from negative energy.
   It makes you more stealthy.
 b - a +8 double sword of holy wrath (weapon)
 c - the +12 hunting sling of the Asp {venom, Int+2}
   (You took it off a big kobold on level 12 of the Dungeon)

   It poisons the ammo it fires.
   It affects your intelligence (+2).
Missiles
 s - 109 javelins (quivered)
 G - 34 silver javelins
 H - 13 atropa-tipped darts
 I - 623 sling bullets
 J - 21 curare-tipped darts
 X - 7 datura-tipped darts
Armour
 l - a +2 hat of magic resistance (worn)
 m - a +3 large shield (worn)
 p - the +0 cloak "Benef" (worn) {+Inv Regen+}
   (You found it on level 1 of the Vaults)

   It lets you turn invisible.
   It increases your rate of regeneration.
 B - the +15 plate armour of Tatz (worn) {rPois Int+4}
   (You bought it in a shop on level 2 of the Orcish Mines)

   It affects your intelligence (+4).
   It protects you from poison.
 M - the +3 pair of gloves "Gieshru" {rElec MR- Dex+2}
   (Okawaru gifted it to you on level 14 of the Dungeon)

   It affects your dexterity (+2).
   It insulates you from electricity.
   It affects your resistance to hostile enchantments.
 S - the +0 pair of boots of Precision Catastrophes (worn) {rElec rC+ rN+ Int-2}
   (You found it on level 2 of the Depths)

   It affects your intelligence (-2).
   It protects you from cold.
   It insulates you from electricity.
   It protects you from negative energy.
 T - the +4 pair of gloves of the Princeling (worn) {rF- MR+ Str+3}
   (Okawaru gifted it to you on level 4 of the Lair of Beasts)

   It affects your strength (+3).
   It makes you vulnerable to fire.
   It affects your resistance to hostile enchantments.
Jewellery
 i - the ring of Angoagen (right hand) {rPois rN+++ MP+9 Str+2 Int-3}
   (You bought it in a shop on level 3 of the Shoals)

   [ring of magical power]

   It affects your strength (+2).
   It affects your intelligence (-3).
   It protects you from poison.
   It renders you almost immune to negative energy.
   It affects your magic capacity (+9).
 k - the ring of Kuwnofic {+Blink rPois rC+}
   (You took it off a deep elf elementalist on level 3 of the Elven Halls)

   [ring of protection from cold]

   It protects you from cold.
   It protects you from poison.
   It lets you blink.
 x - the ring "Batranis" {Wiz rC++ Int+3 Slay+3}
   (You found it on level 2 of the Elven Halls)

   [ring of wizardry]

   It improves your spell success rate.
   It affects your intelligence (+3).
   It affects your accuracy and damage with ranged weapons and melee attacks
   (+3).
   It greatly protects you from cold.
 D - a ring of see invisible (left hand)
 L - an amulet of regeneration (around neck)
 O - the ring of Phasing {EV+8}
   (You took it off a deep elf demonologist on level 3 of the Elven Halls)

   [ring of evasion]

   It affects your evasion (+8).
 U - the ring of Amorality {rCorr Str+4 Slay-5 SInv}
   (You found it on level 6 of the Lair of Beasts)

   [ring of resist corrosion]

   It affects your strength (+4).
   It affects your accuracy and damage with ranged weapons and melee attacks
   (-5).
   It lets you see invisible.
   It provides partial protection from all sources of acid and corrosion.
 V - an uncursed ring of poison resistance
Wands
 A - a wand of random effects (20)
 R - a wand of flame (11)
Scrolls
 d - 2 scrolls of holy word
 g - 25 scrolls of remove curse
 o - 12 scrolls of fog
 q - 6 scrolls of fear
 y - 10 scrolls of amnesia
 z - a scroll of teleportation
 C - 9 scrolls of magic mapping
 E - 3 scrolls of enchant weapon
 N - a scroll of blinking
 P - 15 scrolls of identify
Potions
 e - 4 potions of might
 h - 11 potions of curing
 j - 7 potions of flight
 n - 3 potions of brilliance
 r - a potion of mutation
 t - a potion of cancellation
 u - 3 potions of ambrosia
 v - a potion of invisibility
 F - a potion of resistance
 K - 4 potions of berserk rage
 Q - 4 potions of haste
 Y - 6 potions of agility
Books
 w - a manual of Slings
Comestibles
 f - 49 rations


   Skills:
 O Level 27 Fighting
 O Level 27 Long Blades
 + Level 14.0(19.6) Slings
 + Level 7.1(16.0) Throwing
 + Level 24.2(27) Armour
 + Level 13.8(18.8) Dodging
 + Level 3.7(8.7) Stealth
 O Level 27 Shields
 + Level 11.8 Invocations
 + Level 1.1 Evocations


You had 26 spell levels left.
You didn't know any spells.
Your spell library contained the following spells:

 Spells                   Type           Power        Failure   Level  Hunger
 Animate Skeleton         Necr           N/A          77%         1    ##.....
 Apportation              Tloc           #.....       77%         1    ##.....
 Confusing Touch          Hex            #.....       77%         1    ##.....
 Corona                   Hex            #......      77%         1    ##.....
 Flame Tongue             Conj/Fire      #....        77%         1    ##.....
 Freeze                   Ice            #...         77%         1    ##.....
 Infusion                 Chrm           #...         77%         1    ##.....
 Pain                     Necr           #...         77%         1    ##.....
 Sandblast                Erth           #.....       77%         1    ##.....
 Shock                    Conj/Air       #...         77%         1    ##.....
 Summon Small Mammal      Summ           #...         77%         1    ##.....
 Call Imp                 Summ           #.......     88%         2    ###....
 Corpse Rot               Necr           N/A          88%         2    ###....
 Ensorcelled Hibernation  Hex/Ice        #.....       88%         2    ###....
 Passwall                 Tmut/Erth      #.......     88%         2    ###....
 Poisonous Vapours        Pois/Air       #.....       88%         2    ###....
 Shroud of Golubria       Chrm/Tloc      #.....       88%         2    ###....
 Song of Slaying          Chrm           #.......     88%         2    ###....
 Sublimation of Blood     Necr           #.........   88%         2    ###....
 Swiftness                Chrm/Air       #.......     88%         2    ###....
 Throw Frost              Conj/Ice       #.....       88%         2    ###....
 Call Canine Familiar     Summ           #.......     98%         3    ####...
 Confuse                  Hex            #.......     98%         3    ####...
 Conjure Flame            Conj/Fire      #.......     98%         3    ####...
 Dazzling Spray           Conj/Hex       #.....       98%         3    ####...
 Ignite Poison            Fire/Tmut/Pois #.......     98%         3    ####...
 Mephitic Cloud           Conj/Pois/Air  #.......     98%         3    ####...
 Ozocubu's Armour         Chrm/Ice       #.......     98%         3    ####...
 Recall                   Summ/Tloc      N/A          98%         3    ####...
 Regeneration             Chrm/Necr      #.........   98%         3    ####...
 Spectral Weapon          Hex/Chrm       #.......     98%         3    ####...
 Static Discharge         Conj/Air       #.......     98%         3    ####...
 Stone Arrow              Conj/Erth      #.....       98%         3    ####...
 Summon Guardian Golem    Hex/Summ       #.......     98%         3    ####...
 Tukima's Dance           Hex            #.......     98%         3    ####...
 Airstrike                Air            #.........   100%        4    #####..
 Animate Dead             Necr           N/A          100%        4    #####..
 Cause Fear               Hex            #.........   100%        4    #####..
 Iskenderun's Mystic Bla  Conj           #.......     100%        4    #####..
 Leda's Liquefaction      Hex/Erth       #.........   100%        4    #####..
 Passage of Golubria      Tloc           N/A          100%        4    #####..
 Petrify                  Tmut/Erth      #.......     100%        4    #####..
 Summon Ice Beast         Ice/Summ       #.......     100%        4    #####..
 Summon Lightning Spire   Summ/Air       #.......     100%        4    #####..
 Throw Icicle             Conj/Ice       #.......     100%        4    #####..
 Aura of Abjuration       Summ           #.........   100%        5    ######.
 Bolt of Magma            Conj/Fire/Erth #.........   100%        5    ######.
 Borgnjor's Vile Clutch   Necr/Erth      #.........   100%        5    ######.
 Fireball                 Conj/Fire      #.........   100%        5    ######.
 Iskenderun's Battlesphe  Conj/Chrm      #.......     100%        5    ######.
 Lee's Rapid Deconstruct  Erth           #.........   100%        5    ######.
 Lightning Bolt           Conj/Air       #.........   100%        5    ######.
 Silence                  Hex/Air        #.........   100%        5    ######.
 Summon Demon             Summ           #.........   100%        5    ######.
 Summon Forest            Summ/Tloc      #.........   100%        5    ######.
 Summon Mana Viper        Hex/Summ       #.......     100%        5    ######.
 Venom Bolt               Conj/Pois      #.........   100%        5    ######.
 Bolt of Fire             Conj/Fire      #.........   100%        6    #######
 Darkness                 Hex            #.........   100%        6    #######
 Death Channel            Necr           #.........   100%        6    #######
 Freezing Cloud           Conj/Ice/Air   #.........   100%        6    #######
 Hydra Form               Tmut           #.........   100%        6    #######
 Invisibility             Hex            #.......     100%        6    #######
 Iron Shot                Conj/Erth      #.........   100%        6    #######
 Poison Arrow             Conj/Pois      #.........   100%        6    #######
 Shadow Creatures         Summ           N/A          100%        6    #######
 Simulacrum               Ice/Necr       #.........   100%        6    #######
 Statue Form              Tmut/Erth      #........    100%        6    #######
 Dragon Form              Tmut           #.........   100%        7    #######
 Malign Gateway           Summ/Tloc      #.........   100%        7    #######
 Monstrous Menagerie      Summ           #.........   100%        7    #######
 Orb of Destruction       Conj           #.........   100%        7    #######
 Ring of Flames           Chrm/Fire      #.........   100%        7    #######
 Spellforged Servitor     Conj/Summ      #.........   100%        7    #######
 Summon Greater Demon     Summ           #.........   100%        7    #######
 Summon Hydra             Summ           #.........   100%        7    #######
 Chain Lightning          Conj/Air       #.........   100%        8    #######
 Ignition                 Fire           #.........   100%        8    #######
 Infestation              Necr           #.........   100%        8    #######
 Lehudib's Crystal Spear  Conj/Erth      #.........   100%        8    #######
 Summon Horrible Things   Summ           #.........   100%        8    #######
 Dragon's Call            Summ           #.........   100%        9    #######
 Fire Storm               Conj/Fire      #.........   100%        9    #######
 Glaciate                 Conj/Ice       #.........   100%        9    #######
 Shatter                  Erth           #.........   100%        9    #######


Dungeon Overview and Level Annotations

Branches:
Dungeon (15/15)            Temple (0/1) D:7            Lair (6/6) D:9
 Shoals (4/4) Lair:4        Snake (4/4) Lair:2        Slime (4/5) Lair:5
    Orc (2/2) D:9             Elf (3/3) Orc:2        Vaults (5/5) D:14
  Crypt (3/3) Vaults:3       Tomb (1/3) Crypt:3      Depths (4/5) D:15
   Hell (visited)             Dis (0/7) Hell            Geh (0/7) Hell
    Coc (7/7) Hell            Tar (0/7) Hell          Sewer (visited)

Altars:
Ashenzari
Fedhas
Hepliaklqana
Kikubaaqudgha
Makhleb
Nemelex Xobeh
Okawaru
Qazlal
Sif Muna
Trog
Uskayaw
Vehumet
Xom
Yredelemnul
Zin
The Shining One

Shops:
D:5 %   D:7 :   D:10 *   D:13 *   Orc:2 *[[((   Elf:1 !   Shoals:3 =
Snake:2 ==}   Vaults:4 [   Depths:1 *

Portals:
Hell: Depths:1 Depths:2 Depths:3 Depths:4
Abyss: Depths:4
Pandemonium: Depths:1 Depths:2 Depths:3 Depths:4
Ziggurat: Depths:4
Trove: D:12 (give +3 fire dragon scales)

Annotations:
Lair:1 exclusion: oklob plant
Depths:2 1 runed translucent door
Coc:7 exclusion: ice statue, Antaeus


Innate Abilities, Weirdness & Mutations

You reflexively headbutt those who attack you in melee.
You have a pair of horns on your head.
You are agile. (Dex +2)
You can translocate small distances at will.
Scrolls take you a little longer to read.
Armour fits poorly on your strangely shaped body.
Your magical capacity is low. (-10% MP)
You passively map a small area around you.
You expend magic power (3 MP) to strengthen your wands.


Message History

Konakomp sneers, "Begone before doom catcheth thee!"
Blink to where?
Press: ? - help, Dir - move target cursor
As you read the scroll of blinking, it crumbles to dust.
Konakomp gestures.
The golden eye turns its gaze towards you.
The golden eye blinks at you. You resist with almost no effort.
The floating eye seems to glare at you. The eye of draining gazes at you.
You feel your power leaking away. The golden eye blinks at you.
You resist with almost no effort.
The golden eye pulsates ominously.
The golden eye blinks!
Konakomp bursts into living lightning!
The living lightning misses you.
Konakomp blinks! x2
Konakomp gestures at you. The iron shot hits you!!!!
You die...

, ...... #.##.# ,* *#.### * *
#.##.# * #.#.. #.##.# #.#.# *
##### #.##.# #.#####.#.#
....###.##.# #.##.##.#.# ,#
........##.# #.##.##.#.#### #.#
........##.###.##.##.#.##.###.###
................@&....§§........#
........##.###.##.##.#G.........§
.......∩##.###.##.##.........##.#
###'###.....}........#...........
....# #.##.###.##.#..#..#....##.#
..#.# #.##.###.##.#..#..#.#####.#
#.#.###)##........#..#..#.# #.#
#.#.)...##.###.####.......#####3#
....###.................#........


You could see Konakomp and a floating eye.

Vanquished Creatures
  Khufu (Crypt:3)
  A pandemonium lord (Pan)
  2 ancient liches
  2 juggernauts
  Sojobo (Vaults:2)
  Bai Suzhen (Vaults:3)
  Boris (twice) (Crypt:2 Depths:2)
  17 shard shrikes
  Vashnia (Snake:3)
  Saint Roka (Vaults:5)
  Xtahua (Vaults:5)
  Geryon (Hell)
  Nikola (Shoals:4)
  7 golden dragons
  A profane servitor (Crypt:3)
  6 bone dragons
  Jory (Depths:3)
  A hellephant (Pan)
  2 Brimstone Fiends (Pan)
  The ghost of zig the Severer, an adept HOFi of Nemelex Xobeh (Vaults:1)
  5 liches
  4 tentacled monstrosities (Vaults:5)
  Rupert (D:13)
  5 titans
  4 Hell Sentinels (Pan)
  5 Ice Fiends
  3 deep elf master archers (Elf:3)
  Polyphemus (Shoals:3)
  2 deep elf blademasters (Elf:3)
  A quicksilver dragon (Depths:4)
  11 acid blobs
  2 krakens
  3 eldritch tentacles
  10 sphinxes
  2 ancient champions
  A tentacled starspawn (Abyss:3)
  3 Executioners
  4 storm dragons
  11 tengu reavers
  4 shadow dragons
  Ilsuiw (Shoals:3)
  2 revenants
  Kirke (Shoals:3)
  5 azure jellies
  A fire giant (shapeshifter) (Vaults:5)
  The ghost of zig the Severer, a journeyman HOFi of Wu Jian (Orc:1)
  6 deep elf sorcerers
  A blood saint (Pan)
  16 frost giants
  11 fire giants
  15 nagarajas
  2 cacodemons
  An iron dragon (Depths:1)
  Aizul (Vaults:1)
  2 curse skulls (Crypt:2)
  16 vault wardens
  16 reapers
  4 war gargoyles
  A warmonger (Pan)
  2 spriggan defenders (Depths:2)
  6 deep elf elementalists
  9 ghouls
  A draconian stormcaller (Abyss:2)
  15 ironheart preservers
  4 elemental wellsprings
  A corrupter (Pan)
  17 stone giants
  12 very ugly things
  6 vampire knights
  3 entropy weavers
  9 deep elf demonologists
  Azrael (D:12)
  A spark wasp (shapeshifter) (Elf:2)
  4 spark wasps (Depths:3)
  11 deep elf annihilators
  7 merfolk javelineers
  A green death (Pan)
  10 deep elf death magi
  10 ettins
  3 quicksilver dragon zombies
  4 eidola
  5 mummy priests
  8 blizzard demons
  17 jiangshi
  19 ogre magi
  5 merfolk impalers
  10 deep elf high priests
  The ghost of zig the Fighter, a journeyman MiFi of Wu Jian (D:12)
  8 yaktaur captains
  10 great orbs of eyes
  36 vault guards
  7 fire dragons
  7 rakshasas
  8 hydras
  13 naga warriors
  Harold (Lair:2)
  3 kraken zombies
  A hydra (shapeshifter) (Vaults:5)
  A catoblepas (Shoals:3)
  30 ice dragons
  A monstrous demonspawn (Pan)
  10 centaur warriors
  5 anacondas
  2 merfolk aquamancers (Shoals:4)
  A quicksilver dragon skeleton (Coc:7)
  4 merfolk avatars
  6 death yaks
  55 two-headed ogres
  5 death knights
  An alligator snapping turtle (Shoals:1)
  A satyr (Shoals:4)
  A spectral stone giant (Vaults:1)
  8 deep troll earth magi
  4 vampire magi
  2 thrashing horrors
  An orc high priest (Orc:1)
  22 dancing weapons
  4 hell hogs
  7 titan zombies
  A queen ant (Lair:4)
  5 deep troll shamans
  17 naga sharpshooters
  2 spriggan berserkers (Depths:2)
  Urug (D:10)
  5 tengu warriors
  6 shock serpents
  An iron troll (Depths:1)
  20 deep elf knights
  2 storm dragon zombies
  A shock serpent (shapeshifter) (Depths:2)
  2 fire crabs (shapeshifter)
  2 wretched stars (Abyss:2)
  5 soul eaters
  15 sun demons
  A fire crab (Lair:3)
  4 spectral humans (Vaults:1)
  3 sixfirhies
  3 titan skeletons
  50 skeletal warriors
  3 salamander mystics
  7 shadow wraiths
  4 storm dragon skeletons
  A spatial maelstrom (Abyss:3)
  8 anaconda zombies
  A spectral yaktaur (Vaults:1)
  14 sea snakes
  6 unseen horrors
  12 deep elf archers
  A gelid demonspawn (Pan)
  A shadow demon (Pan)
  7 deep trolls
  A glowing orange brain (Vaults:1)
  7 wizards
  A deep troll (shapeshifter) (Vaults:5)
  7 flayed ghosts
  Pikel (D:6)
  10 ironbrand convokers
  2 kraken simulacra
  8 orc knights
  An infernal demonspawn (Pan)
  2 shadow dragon zombies
  10 necromancers
  3 mana vipers
  5 naga ritualists
  2 wolf spider zombies
  3 iron dragon zombies
  6 fauns
  8 phantasmal warriors
  16 harpies
  18 large abominations
  4 anaconda skeletons
  2 orc sorcerers
  2 golden dragon skeletons (Coc:2)
  2 wolf spiders
  9 salamanders
  60 deep elf magi
  A stone giant zombie (Crypt:1)
  5 fire giant zombies
  5 shadow dragon skeletons
  38 ugly things
  11 cyclopes
  3 shining eyes
  4 iron dragon skeletons
  5 frost giant zombies
  12 manticores
  A centaur zombie (D:14)
  4 stone giant skeletons
  4 frost giant skeletons
  4 elephants (Lair:6)
  23 guardian serpents
  23 black mambas
  A rust devil (Abyss:2)
  11 merfolk sirens
  3 fire giant skeletons
  24 naga magi
  10 smoke demons
  2 eyes of devastation (Slime:2)
  2 gargoyles
  13 spiny frogs
  12 vault sentinels
  9 water nymphs
  A titan simulacrum (Vaults:1)
  3 dire elephant skeletons
  14 kobold demonologists
  4 orange demons
  A pale draconian zombie (Crypt:2)
  14 tormentors
  A spiny frog (shapeshifter) (Vaults:1)
  A hellion (Hell)
  4 human zombies
  11 komodo dragons
  51 freezing wraiths
  10 rime drakes
  34 yaktaurs
  A yaktaur (shapeshifter) (Elf:1)
  3 efreet
  A demonic crawler (Hell)
  A hellwing (Pan)
  42 ice devils
  4 human skeletons
  A spectral glowing shapeshifter (Vaults:1)
  A yaktaur skeleton (Vaults:2)
  3 anaconda simulacra
  7 red devils
  3 harpy zombies
  A troll (shapeshifter) (Vaults:3)
  12 hydra zombies
  An ancient zyme (Abyss:2)
  28 merfolk
  6 trolls
  4 tengu conjurers
  13 guardian mummies
  3 hornets
  A yellow draconian skeleton (Crypt:2)
  A shadow dragon simulacrum (Crypt:2)
  6 polar bears
  2 wind drakes
  A fire dragon zombie (Coc:6)
  A polar bear (shapeshifter) (Depths:4)
  8 snapping turtles
  A wolf spider simulacrum (D:15)
  4 raiju (Abyss:2)
  Prince Ribbit (D:9)
  4 hydra skeletons
  3 ettin zombies
  3 harpy skeletons
  8 bog bodies (Coc:7)
  4 alligator zombies
  21 blink frogs
  74 slime creatures
  3 fire giant simulacra
  6 hippogriffs
  2 frost giant simulacra
  9 dream sheep
  2 human simulacra
  An ice dragon zombie (Coc:2)
  103 flying skulls
  8 water elementals
  A guardian serpent skeleton (Crypt:2)
  18 wraiths
  6 air elementals
  15 shadows
  3 ice dragon skeletons
  3 vampires (Vaults:3)
  3 redbacks (Vaults:3)
  An ettin skeleton (Coc:7)
  2 alligator skeletons (Coc:6)
  3 ynoxinuls
  2 fire dragon skeletons
  A black mamba zombie (Coc:6)
  21 starcursed masses (Abyss:2)
  4 hogs (D:7)
  16 yaks
  2 ushabtiu (Tomb:1)
  10 golden eyes
  An emperor scorpion simulacrum (Crypt:1)
  7 wyverns
  A human (D:6)
  4 basilisks
  12 fire elementals
  8 chaos spawn
  12 neqoxecs
  2 yaktaur simulacra (Vaults:1)
  5 vampire mosquitoes
  A water nymph zombie (Crypt:1)
  5 hungry ghosts
  An infernal demonspawn zombie (Crypt:1)
  Menkaure (D:7)
  6 wargs
  A harpy simulacrum (Coc:2)
  3 spatial vortices (Abyss:3)
  A soldier ant (shapeshifter) (Vaults:3)
  59 nagas
  A two-headed ogre zombie (Crypt:1)
  A spectral snapping turtle (Crypt:3)
  25 soldier ants
  3 acid dragons
  5 hell hounds
  16 spiny frog zombies
  A water moccasin (shapeshifter) (Vaults:4)
  15 water moccasins
  7 porcupines
  18 ice beasts
  2 fire dragon simulacra
  7 spiny frog skeletons
  2 alligator simulacra
  2 eyes of draining (Slime:3)
  31 orc warriors
  4 phantoms
  2 black bears (D:9)
  A black mamba simulacrum (Hell)
  5 necrophages
  7 sky beasts
  2 snapping turtle zombies
  2 swamp dragon skeletons (Hell)
  3 swamp dragon zombies
  61 ogres
  3 boggarts (Vaults:3)
  A hornet zombie (D:7)
  28 small abominations
  9 wolves
  25 centaurs
  11 crocodiles
  An elephant skeleton (Crypt:1)
  A manticore skeleton (Coc:5)
  12 big kobolds
  20 bullfrogs
  A wyvern zombie (D:6)
  4 earth elementals
  4 spiny frog simulacra
  5 scorpions
  A spriggan zombie (Crypt:1)
  A water moccasin skeleton (Crypt:2)
  A snapping turtle simulacrum (Crypt:2)
  9 killer bees
  37 wights
  4 howler monkeys
  A spriggan skeleton (Coc:2)
  17 crimson imps
  2 electric eels
  2 bullfrog zombies (D:12)
  A quasit (Abyss:3)
  25 orc priests
  8 jellies
  3 centaur skeletons
  4 hounds
  25 orc wizards
  Crazy Yiuf (D:7)
  2 bullfrog skeletons
  6 iguanas
  2 iron imps
  An iguana (shapeshifter) (Vaults:5)
  29 worker ants
  5 hell rats
  A troll simulacrum (Crypt:3)
  An ogre zombie (Coc:2)
  A demigod skeleton (Crypt:1)
  A hound skeleton (D:5)
  6 mummies
  2 worker ant zombies
  A howler monkey zombie (D:11)
  7 gnolls
  9 adders
  3 shadow imps
  16 white imps
  An ufetubus (Abyss:2)
  3 oozes
  An adder zombie (D:7)
  A halfling skeleton (Crypt:1)
  5 worms
  2 dart slugs
  11 leopard geckos
  84 orcs
  5 giant cockroaches
  9 goblins
  12 hobgoblins
  29 jackals
  6 quokkas
  3 ball pythons
  12 bats
  A dart slug zombie (Crypt:1)
  8 frilled lizards
  A goblin skeleton (Crypt:2)
  A jackal zombie (D:5)
  20 kobolds
  2 leopard gecko zombies (D:6)
  A quokka skeleton (D:9)
  2 quokka zombies
  10 rats
  5 crawling corpses (Elf:3)
  A fungus (Lair:6)
  A starspawn tentacle (Abyss:3)
  16 tentacles
2972 creatures vanquished.

Vanquished Creatures (others)
  A Hell Sentinel (Pan)
  An ice dragon (Coc:7)
  A vault guard (Vaults:5)
  A deep elf archer (Elf:2)
  An ugly thing (D:15)
  A deep elf mage (Elf:1)
  A human (Shoals:3)
  3 slaves (D:7)
  A centaur (D:13)
  A small abomination (Abyss:2)
  An orc wizard (Orc:1)
  A hound (D:12)
  A white imp (Coc:7)
  20 fungi
  25 plants
  4 starspawn tentacles (Abyss:3)
  35 tentacles
99 creatures vanquished.

Grand Total: 3071 creatures vanquished

Notes
Turn   | Place    | Note
-------+----------+-------------------------------------------
     0 | D:1      | gwm the Minotaur Fighter began the quest for the Orb.
     0 | D:1      | Reached XP level 1. HP: 19/19 MP: 0/0
    52 | D:1      | Reached XP level 2. HP: 26/27 MP: 1/1
   204 | D:1      | Reached XP level 3. HP: 28/33 MP: 2/2
   789 | D:2      | Reached skill level 1 in Dodging
   820 | D:2      | Found a shimmering altar of Xom.
  1121 | D:2      | Reached XP level 4. HP: 36/40 MP: 3/3
  1415 | D:3      | Noticed a bullfrog
  1434 | D:3      | Killed a bullfrog
  1434 | D:3      | Reached skill level 5 in Shields
  1434 | D:3      | Reached XP level 5. HP: 32/46 MP: 4/4
  1775 | D:3      | Found a glowing drain.
  1778 | D:3      | Reached XP level 6. HP: 40/53 MP: 5/5
  1793 | Sewer    | Entered a sewer
  2474 | D:4      | Reached skill level 5 in Armour
  2745 | D:4      | Reached skill level 5 in Long Blades
  2837 | D:4      | Found a bloodstained altar of Trog.
  2837 | D:4      | Found an iron altar of Okawaru.
  2848 | D:4      | Found a glowing golden altar of the Shining One.
  2850 | D:4      | Found a shimmering altar of Xom.
  2852 | D:4      | Found a faded altar of an unknown god.
  2931 | D:4      | Reached XP level 7. HP: 45/60 MP: 6/6
  3261 | D:5      | Entered Level 5 of the Dungeon
  3320 | D:5      | Found Soirim's Food Shop.
  3326 | D:5      | Reached skill level 1 in Throwing
  3561 | D:5      | Reached skill level 5 in Fighting
  3592 | D:5      | Reached XP level 8. HP: 43/68 MP: 7/7
  3769 | D:5      | Noticed a -1 hand axe
  3770 | D:5      | Noticed a +0 dagger
  3774 | D:5      | Found a hide-covered altar of Uskayaw.
  3861 | D:4      | Became a worshipper of Warmaster Okawaru
  3989 | D:6      | Found a sparkling altar of Nemelex Xobeh.
  4399 | D:5      | Reached skill level 1 in Stealth
  4474 | D:6      | Reached * piety under Okawaru
  4767 | D:6      | Reached XP level 9. HP: 34/75 MP: 8/8
  5253 | D:7      | Noticed Menkaure
  5294 | D:6      | Reached ** piety under Okawaru
  5339 | D:7      | Noticed Pikel
  5404 | D:6      | Killed Pikel
  5611 | D:7      | Reached *** piety under Okawaru
  5683 | D:7      | Reached skill level 10 in Long Blades
  5702 | D:7      | Found a shattered altar of Ashenzari.
  5705 | D:7      | Found a staircase to the Ecumenical Temple.
  5986 | D:7      | Reached XP level 10. HP: 73/86 MP: 9/9
  5990 | D:7      | Reached **** piety under Okawaru
  6070 | D:7      | Found a hazy altar of Hepliaklqana.
  6810 | D:8      | Found a stormy altar of Qazlal.
  6810 | D:8      | Found a glowing silver altar of Zin.
  6871 | D:8      | Received a gift from Okawaru
  6964 | D:8      | Found a blossoming altar of Fedhas.
  7031 | D:8      | Noticed a two-headed ogre
  7060 | D:8      | Killed a two-headed ogre
  7726 | D:9      | Received a gift from Okawaru
  7766 | D:9      | Reached ***** piety under Okawaru
  7799 | D:9      | Noticed Prince Ribbit
  8171 | D:9      | Killed Prince Ribbit
  8229 | D:9      | Reached skill level 10 in Shields
  8335 | D:9      | Received a gift from Okawaru
  8343 | D:9      | Found a staircase to the Lair.
  8417 | D:9      | Noticed an ice dragon
  8595 | D:7      | Killed Menkaure
  8595 | D:7      | Reached skill level 5 in Dodging
  8991 | D:7      | Reached XP level 11. HP: 87/94 MP: 10/10
  9049 | D:7      | Found Xesim's Book Shoppe.
  9095 | D:7      | Found a runed translucent door.
  9096 | D:7      | Noticed Crazy Yiuf
  9238 | D:7      | Killed Crazy Yiuf
  9420 | D:10     | Entered Level 10 of the Dungeon
  9459 | D:10     | Found Ryodo's Changing Room.
  9512 | D:10     | Noticed Urug
  9546 | D:10     | Killed Urug
  9546 | D:10     | Received a gift from Okawaru
  9592 | D:10     | Received a gift from Okawaru
  9595 | D:10     | Got a pair of heavily runed gloves {god gift}
  9825 | D:10     | Identified the +0 pair of gloves of the Pleiades {MR+}
                  | (Okawaru gifted it to you on level 10 of the Dungeon)
 10200 | D:9      | Found a staircase to the Orcish Mines.
 10747 | D:10     | Identified a scroll of acquirement
 10748 | D:10     | Got a crude double sword
 10749 | D:10     | Identified the +3 double sword "Detidox Itha" {slice, rN++
                  | Stlth+} (You acquired it on level 10 of the Dungeon)
 10766 | D:10     | Killed an unseen horror
 11175 | D:9      | Killed an ice dragon
 11422 | Lair:1   | Entered Level 1 of the Lair of Beasts
 11526 | Lair:1   | Reached skill level 10 in Armour
 11805 | Lair:1   | Reached skill level 1 in Invocations
 12298 | Lair:1   | Reached XP level 12. HP: 98/104 MP: 11/11
 12841 | Lair:2   | Noticed Harold
 12859 | Lair:2   | Killed Harold
 12900 | Lair:2   | Found a staircase to the Snake Pit.
 13620 | Lair:3   | Received a gift from Okawaru
 13644 | Lair:3   | Got a twisted falchion {god gift}
 13741 | Lair:3   | Noticed a five-headed hydra
 13763 | Lair:3   | Killed a five-headed hydra
 13763 | Lair:3   | Reached skill level 15 in Long Blades
 13763 | Lair:3   | Reached skill level 5 in Throwing
 13884 | Lair:3   | Noticed a five-headed hydra
 13899 | Lair:3   | Killed a five-headed hydra
 14842 | Lair:4   | Reached skill level 10 in Fighting
 14917 | Lair:4   | Noticed an entropy weaver
 14948 | Lair:4   | Noticed a seven-headed hydra
 15092 | Lair:4   | Received a gift from Okawaru
 15100 | Lair:4   | Noticed an entropy weaver
 15332 | Lair:4   | Noticed an eight-headed hydra
 15399 | Lair:4   | Killed an eight-headed hydra
 15822 | Lair:4   | Found a staircase to the Shoals.
 15830 | Lair:4   | Received a gift from Okawaru
 15932 | Lair:4   | Reached XP level 13. HP: 114/114 MP: 12/12
 15945 | Lair:4   | Killed an entropy weaver
 16069 | Lair:4   | Identified the +4 short sword "Dragonslayer" {venom, rElec
                  | Int+3}
 16206 | Lair:4   | Reached ****** piety under Okawaru
 16206 | Lair:4   | Received a gift from Okawaru
 16331 | Lair:4   | Killed an entropy weaver
 16532 | Lair:5   | Found a burning altar of Makhleb.
 16598 | Lair:5   | Found a staircase to the Slime Pits.
 16839 | Lair:6   | Entered Level 6 of the Lair of Beasts
 16839 | Lair:6   | Found a gate leading to a gauntlet.
 17910 | D:11     | You fall into a shaft and drop 3 floors!
 18231 | D:14     | Received a gift from Okawaru
 18240 | D:14     | Got a pair of faintly humming gloves {god gift}
 18256 | D:14     | Identified the +3 pair of gloves "Gieshru" {rElec MR-
                  | Dex+2} (Okawaru gifted it to you on level 14 of the
                  | Dungeon)
 18491 | D:14     | Found a gate to the Vaults.
 18543 | D:14     | Reached XP level 14. HP: 79/126 MP: 11/14
 19150 | D:12     | Noticed Azrael
 19164 | D:12     | Killed Azrael
 19511 | D:12     | Found a portal to a secret trove of treasure.
 19678 | D:12     | Found a runed translucent gate.
 19678 | D:12     | Found a runed translucent gate.
 19678 | D:12     | Found a runed translucent gate.
 19680 | D:12     | Noticed zig's ghost (journeyman MiFi)
 20104 | D:12     | Identified the +12 hunting sling of the Asp {venom, Int+2}
 20504 | D:13     | Found a shimmering blue altar of Sif Muna.
 20516 | D:13     | Noticed Rupert
 20582 | D:13     | Killed Rupert
 20582 | D:13     | Received a gift from Okawaru
 20649 | D:13     | Found Plog's Serpentskin Sales.
 21591 | Orc:1    | Entered Level 1 of the Orcish Mines
 21634 | Orc:1    | Noticed zig's ghost (journeyman HOFi)
 21644 | Orc:1    | Found a transporter.
 21975 | Orc:1    | Found a transporter.
 22096 | Orc:1    | Killed zig's ghost
 22145 | Orc:2    | Entered Level 2 of the Orcish Mines
 22236 | Orc:2    | Found Teghidyf's Antique Weapon Boutique.
 22287 | Orc:2    | Found a staircase to the Elven Halls.
 22752 | Orc:2    | Reached XP level 15. HP: 89/136 MP: 16/16
 23009 | Orc:2    | Received a gift from Okawaru
 23010 | Orc:2    | Found the +8 mithril axe "Arga" {speed, MR+}
 23034 | Orc:2    | Paralysed by an ogre mage for 2 turns
 23162 | Orc:2    | Found Roagix's Antique Armour Shoppe.
 23162 | Orc:2    | Found Bol Deggapt's Assorted Antiques.
 23163 | Orc:2    | Found Tomolin's Antique Weapon Boutique.
 23163 | Orc:2    | Found Nafahan's Antique Armour Shoppe.
 23206 | Orc:2    | Bought a faintly glowing plate armour for 868 gold pieces
 23216 | Orc:2    | Identified the +15 plate armour of Tatz {rPois Int+4} (You
                  | bought it in a shop on level 2 of the Orcish Mines)
 23257 | Orc:2    | Bought a scroll of enchant weapon for 262 gold pieces
 23500 | D:12     | Killed zig's ghost
 23691 | D:15     | Entered Level 15 of the Dungeon
 23783 | D:14     | Received a gift from Okawaru
 24022 | D:15     | Reached skill level 1 in Slings
 24097 | D:15     | Received a gift from Okawaru
 24163 | D:15     | Received a gift from Okawaru
 24281 | D:15     | Found a staircase to the Depths.
 25076 | Depths:1 | Entered Level 1 of the Depths
 25096 | Depths:1 | Received a gift from Okawaru
 25096 | Depths:1 | Reached XP level 16. HP: 145/147 MP: 17/17
 25107 | Depths:1 | Found a one-way gate leading to the halls of Pandemonium.
 26002 | Lair:6   | Reached skill level 5 in Slings
 26061 | Lair:6   | Received a gift from Okawaru
 26207 | Lair:4   | Got a pair of spiked gloves {god gift}
 26218 | Lair:4   | Identified the +4 pair of gloves of the Princeling {rF- MR+
                  | Str+3} (Okawaru gifted it to you on level 4 of the Lair of
                  | Beasts)
 26454 | Lair:6   | Received a gift from Okawaru
 26843 | Lair:6   | Got a brightly glowing granite ring
 26862 | Lair:6   | Identified the ring of Amorality {rCorr Str+4 Slay-5 SInv}
                  | (You found it on level 6 of the Lair of Beasts)
 27219 | Snake:1  | Entered Level 1 of the Snake Pit
 27605 | Snake:1  | Reached skill level 15 in Fighting
 28240 | Snake:2  | Found Nualun's Jewellery Boutique.
 28241 | Snake:2  | Found Huatsaam's Gadget Shoppe.
 28271 | Snake:2  | Found Nacwey's Jewellery Boutique.
 28277 | Snake:2  | Bought an uncursed amulet of regeneration for 330 gold
                  | pieces
 28908 | Snake:2  | Reached skill level 15 in Armour
 29391 | Snake:3  | Received a gift from Okawaru
 29397 | Snake:3  | Noticed Vashnia
 29651 | Snake:3  | Reached XP level 17. HP: 143/156 MP: 18/18
 30227 | Snake:4  | Entered Level 4 of the Snake Pit
 30700 | Snake:3  | Killed Vashnia
 30700 | Snake:3  | Received a gift from Okawaru
 31497 | Snake:4  | Received a gift from Okawaru
 31959 | Snake:4  | Received a gift from Okawaru
 32881 | Snake:4  | Reached XP level 18. HP: 92/168 MP: 20/20
 33282 | Snake:4  | Got a serpentine rune of Zot
 33616 | Elf:1    | Entered Level 1 of the Elven Halls
 33823 | Elf:1    | Found Zyjea's Distillery.
 33872 | Elf:1    | Received a gift from Okawaru
 34415 | Elf:1    | Got a transparent granite ring
 34419 | Elf:1    | Identified the ring "Mofacwig" {Wiz Str+2} (You acquired it
                  | on level 1 of the Elven Halls)
 35016 | Elf:2    | Found a runed translucent gate.
 35016 | Elf:2    | Found a runed translucent gate.
 35016 | Elf:2    | Found a runed translucent gate.
 35163 | Elf:2    | Received a gift from Okawaru
 35272 | Elf:2    | Got a clouded pewter ring
 35289 | Elf:2    | Identified the ring "Batranis" {Wiz rC++ Int+3 Slay+3} (You
                  | found it on level 2 of the Elven Halls)
 35501 | Elf:2    | Cast into level 2 of the Abyss (+2 long sword of
                  | distortion)
 35911 | Abyss:2  | Paralysed by accursed screaming for 1 turns
 36056 | Elf:2    | Escaped the Abyss
 36056 | Elf:2    | Received a gift from Okawaru
 36433 | Elf:3    | Entered Level 3 of the Elven Halls
 36493 | Elf:3    | Reached XP level 19. HP: 164/179 MP: 21/21
 36584 | Elf:3    | Noticed a Tzitzimitl
 36847 | Elf:3    | Found a magical portal.
 36890 | Elf:3    | Cast into level 2 of the Abyss (a deep elf sorcerer)
 36927 | Abyss:3  | Found a corrupted altar of Lugonu.
 37294 | Elf:3    | Escaped the Abyss
 37894 | Shoals:1 | Entered Level 1 of the Shoals
 38013 | Shoals:1 | Found a bloodstained altar of Trog.
 38082 | Shoals:1 | Received a gift from Okawaru
 38255 | Shoals:1 | Found a stormy altar of Qazlal.
 38618 | D:7      | Bought a manual of Slings for 1545 gold pieces
 38940 | Shoals:2 | Received a gift from Okawaru
 40324 | Shoals:3 | Noticed Ilsuiw
 40345 | Shoals:3 | Killed Ilsuiw
 40345 | Shoals:3 | Reached skill level 10 in Slings
 40416 | Shoals:3 | Noticed Kirke
 40422 | Shoals:3 | Killed Kirke
 40424 | Shoals:3 | Found Berph's Jewellery Boutique.
 40681 | Shoals:3 | Noticed Polyphemus
 40733 | Shoals:3 | Killed Polyphemus
 40794 | Shoals:3 | Received a gift from Okawaru
 41033 | Shoals:4 | Entered Level 4 of the Shoals
 41422 | Shoals:4 | Noticed Nikola
 41464 | Shoals:4 | Killed Nikola
 41898 | Shoals:4 | Reached XP level 20. HP: 191/191 MP: 22/22
 41968 | Shoals:4 | Got a barnacled rune of Zot
 42378 | Shoals:4 | Identified the +1 chain mail of Ocham {rN+}
 42778 | Elf:3    | Cast into level 2 of the Abyss (a deep elf demonologist)
 42778 | Abyss:2  | Found an opulent altar of Gozag.
 42850 | Abyss:2  | Received a gift from Okawaru
 42910 | Elf:3    | Escaped the Abyss
 43264 | Elf:3    | Reached skill level 5 in Invocations
 43315 | Elf:3    | Identified the +5 ring mail of the Big Bang {rPois rN+
                  | Regen+ SInv}
 43317 | Elf:3    | Identified the cursed +1 war axe "Udid" {antimagic, rElec
                  | rN+++ MR+++ Dex-3}
 43317 | Elf:3    | Identified the ring of Ruikh {Int+2 Stlth+}
 43564 | Elf:3    | Identified the +12 spear of Nomputir {pain, rC++ Str+2
                  | Int-4 SInv}
 43564 | Elf:3    | Identified the +6 scale mail of Liberty {*Drain rElec rN+
                  | Str+3}
 43609 | Elf:3    | Reached skill level 15 in Shields
 44094 | Elf:3    | Identified the ring of Kuwnofic {+Blink rPois rC+}
 44179 | Elf:3    | Identified the +4 dagger of Compassion {vamp, -Tele MR+
                  | Str+4 Dex+4}
 44290 | Elf:3    | Received a gift from Okawaru
 44294 | Elf:3    | Identified the cursed +3 rapier of Zuin Via {protect, Str-5
                  | Int+5}
 44341 | Elf:3    | Identified the +8 dagger "Fypyd" {pierce, rElec rPois
                  | Str+4}
 44479 | Elf:3    | Found the +3 giant club "Skullcrusher" {speed, Str+7}
 44512 | Elf:3    | Identified the Volume of Assistive Confrontation
 44569 | Elf:3    | Received a gift from Okawaru
 45307 | Vaults:1 | Entered Level 1 of the Vaults
 45635 | Vaults:1 | Found a runed translucent gate.
 45635 | Vaults:1 | Found a runed translucent gate.
 45635 | Vaults:1 | Found a runed translucent gate.
 45636 | Vaults:1 | Noticed zig's ghost (adept HOFi)
 45683 | Vaults:1 | Noticed Aizul
 45691 | Vaults:1 | Killed Aizul
 46364 | Vaults:1 | Found a radiant altar of Vehumet.
 46484 | Vaults:1 | Reached XP level 21. HP: 202/202 MP: 24/24
 46502 | Vaults:1 | Received a gift from Okawaru
 46505 | Vaults:1 | Got a pair of transparent gloves {god gift}
 46516 | Vaults:1 | Identified the -3 pair of gloves of Qeiweiwn {+Blink rElec
                  | rPois rN+} (Okawaru gifted it to you on level 1 of the
                  | Vaults)
 46719 | Vaults:1 | Killed zig's ghost
 46792 | Vaults:1 | Got a slimy cloak
 46798 | Vaults:1 | Identified the +0 cloak "Benef" {+Inv Regen+} (You found it
                  | on level 1 of the Vaults)
 47597 | Vaults:2 | Noticed Sojobo
 47616 | Vaults:2 | Killed Sojobo
 47805 | Vaults:2 | You fall into a shaft and drop 1 floor!
 48014 | Vaults:3 | Received a gift from Okawaru
 48166 | Vaults:3 | Found a staircase to the Crypt.
 48271 | Vaults:3 | Received a gift from Okawaru
 48929 | Vaults:3 | Noticed Bai Suzhen
 48944 | Vaults:3 | Killed Bai Suzhen
 48984 | Vaults:3 | Reached XP level 22. HP: 213/213 MP: 25/25
 49273 | Vaults:3 | Found a blossoming altar of Fedhas.
 49436 | Vaults:4 | Found Xuecotuu's Armour Emporium.
 49536 | Vaults:4 | Received a gift from Okawaru
 49592 | Vaults:4 | Received a gift from Okawaru
 49807 | Vaults:4 | Received a gift from Okawaru
 50079 | Vaults:4 | Received a gift from Okawaru
 50517 | Vaults:5 | Entered Level 5 of the Vaults
 50518 | Vaults:5 | Noticed Xtahua
 50544 | Vaults:5 | Reached skill level 1 in Evocations
 50575 | Vaults:5 | Killed Xtahua
 50811 | Vaults:5 | Noticed an ancient lich
 50873 | Vaults:5 | Killed an ancient lich
 50873 | Vaults:5 | Received a gift from Okawaru
 50880 | Vaults:5 | Noticed a golden dragon
 50898 | Vaults:5 | Killed a golden dragon
 50898 | Vaults:5 | Received a gift from Okawaru
 52019 | Crypt:1  | Entered Level 1 of the Crypt
 52079 | Vaults:5 | Noticed Saint Roka
 52098 | Vaults:5 | Killed Saint Roka
 52176 | Vaults:5 | Reached XP level 23. HP: 214/223 MP: 27/27
 52747 | Vaults:5 | Received a gift from Okawaru
 52753 | Vaults:5 | Received a gift from Okawaru
 53097 | Vaults:5 | Got a silver rune of Zot
 53245 | Vaults:5 | Received a gift from Okawaru
 53254 | Vaults:5 | Got a pair of fine gloves
 53265 | Vaults:5 | Identified the -3 pair of gloves of Ennui {-Cast rElec rN++
                  | Str-3 Dex+10} (You found it on level 5 of the Vaults)
 54256 | Slime:1  | Entered Level 1 of the Pits of Slime
 54330 | Slime:1  | Gained mutation: You are dopey. (Int -2) [a shining eye]
 54332 | Slime:1  | Gained mutation: Scrolls take you a little longer to read.
                  | [a shining eye]
 56027 | Slime:2  | Received a gift from Okawaru
 56212 | Slime:2  | Received a gift from Okawaru
 56681 | Slime:4  | Gained mutation: Armour fits poorly on your strangely
                  | shaped body. [a shining eye]
 56696 | Slime:3  | Reached XP level 24. HP: 233/235 MP: 16/27
 56696 | Slime:3  | Gained mutation: You are weak. (Str -2) [a shining eye]
 57118 | Crypt:1  | Received a gift from Okawaru
 57473 | Crypt:2  | Found an ancient bone altar of Kikubaaqudgha.
 58625 | Crypt:2  | Noticed Boris
 58634 | Crypt:2  | Killed Boris
 58634 | Crypt:2  | Received a gift from Okawaru
 58634 | Crypt:2  | Reached skill level 27 in Long Blades
 58851 | Crypt:3  | Entered Level 3 of the Crypt
 59097 | Crypt:3  | Received a gift from Okawaru
 59133 | Crypt:3  | Found a basalt altar of Yredelemnul.
 59568 | Crypt:3  | Identified Ecwiel's Guide on Dark Rituals
 59642 | Crypt:3  | Found a staircase to the Tomb.
 59642 | Crypt:3  | Noticed Khufu
 59660 | Crypt:3  | Killed Khufu
 59836 | Crypt:3  | Found the +6 lightning scales {run, rElec}
 59837 | Crypt:3  | Found the +3 sling "Punk" {acid, rCorr}
 60532 | Shoals:3 | Bought the ring of Angoagen {rPois rN+++ MP+9 Str+2 Int-3}
                  | for 651 gold pieces
 60982 | Tomb:1   | Entered Level 1 of the Tomb of the Ancients
 61406 | Tomb:1   | Reached XP level 25. HP: 221/246 MP: 27/27
 61870 | Depths:1 | Found Neov's Pet Rocks.
 61954 | Depths:1 | Found a gateway to Hell.
 61961 | Depths:1 | Received a gift from Okawaru
 62111 | Depths:1 | Received a gift from Okawaru
 62456 | Depths:2 | Received a gift from Okawaru
 62644 | Depths:2 | Found a runed translucent door.
 62715 | Depths:2 | Received a gift from Okawaru
 62914 | Depths:2 | Got a pair of bloodstained boots
 62919 | Depths:2 | Got a faintly glowing plate armour
 62929 | Depths:2 | Identified the cursed +0 pair of boots of Precision
                  | Catastrophes {rElec rC+ rN+ Int-2} (You found it on level 2
                  | of the Depths)
 62931 | Depths:2 | Identified the +10 plate armour of Ashenzari's Approval
                  | {rPois MR- MP+9 Dex+6} (You found it on level 2 of the
                  | Depths)
 63218 | Depths:2 | Found a runed translucent door.
 63221 | Depths:2 | Noticed Boris
 63284 | Depths:2 | Found a runed translucent door.
 63284 | Depths:2 | Found a runed translucent door.
 63420 | Depths:2 | Received a gift from Okawaru
 63586 | Depths:2 | Received a gift from Okawaru
 63596 | Depths:2 | Killed Boris
 63606 | Depths:2 | Received a gift from Okawaru
 63783 | Depths:3 | Noticed Jory
 63804 | Depths:3 | Killed Jory
 63804 | Depths:3 | Received a gift from Okawaru
 63943 | Depths:3 | Noticed a juggernaut
 63960 | Depths:3 | Identified the +11 battleaxe of Kunax {vamp, rElec MR+
                  | Dex+5}
 63965 | Depths:3 | Killed a juggernaut
 64278 | Depths:4 | Received a gift from Okawaru
 64637 | Depths:4 | Reached XP level 26. HP: 251/256 MP: 28/28
 64668 | Depths:4 | Found a gateway to a ziggurat.
 64799 | Depths:4 | Found the +8 lance "Wyrmbane" {slay drac, rPois rF+ rC+
                  | AC+3}
 64889 | Depths:4 | Received a gift from Okawaru
 65091 | Depths:4 | Found a one-way gate to the infinite horrors of the Abyss.
 65159 | Depths:4 | Noticed a juggernaut
 65172 | Depths:4 | Killed a juggernaut
 65172 | Depths:4 | Received a gift from Okawaru
 65175 | Depths:4 | Got a pair of scorched boots {god gift}
 65188 | Depths:4 | Identified the +1 pair of boots of the End {rElec} (Okawaru
                  | gifted it to you on level 4 of the Depths)
 65486 | Vaults:1 | Lost mutation: You are weak. (Str -2) [potion of mutation]
 65486 | Vaults:1 | Lost mutation: You are dopey. (Int -2) [potion of mutation]
 65486 | Vaults:1 | Gained mutation: You are agile. (Dex +2) [potion of
                  | mutation]
 65486 | Vaults:1 | Gained mutation: You can translocate small distances at
                  | will. [potion of mutation]
 65486 | Vaults:1 | Gained mutation: You expend magic power (3 MP) to
                  | strengthen your wands. [potion of mutation]
 65636 | Hell     | Entered the Vestibule of Hell
 65636 | Hell     | Noticed Geryon
 66087 | Hell     | Killed Geryon
 66230 | Hell     | Found a gateway to the decaying netherworld of Tartarus.
 66297 | Hell     | Found a gateway to the Iron City of Dis.
 66339 | Hell     | Found a gateway to the freezing wastes of Cocytus.
 66465 | Hell     | Found a gateway to the ashen valley of Gehenna.
 66580 | Coc:1    | Entered Level 1 of Cocytus
 67265 | Coc:1    | Received a gift from Okawaru
 67693 | Coc:1    | Reached skill level 27 in Shields
 68259 | Coc:2    | Received a gift from Okawaru
 68264 | Coc:2    | Reached skill level 27 in Fighting
 68382 | Coc:2    | Reached XP level 27. HP: 266/266 MP: 28/28
 68468 | Coc:2    | Reached skill level 10 in Dodging
 68991 | Coc:2    | Received a gift from Okawaru
 69655 | Coc:4    | Received a gift from Okawaru
 69696 | Coc:4    | Noticed an ancient lich
 69707 | Coc:4    | Killed an ancient lich
 69729 | Coc:4    | Got a faintly humming shield {god gift}
 69732 | Coc:4    | Identified the +0 shield of Distant Worlds {rF- Slay+3
                  | SInv} (Okawaru gifted it to you on level 4 of Cocytus)
 70098 | Coc:7    | Entered Level 7 of Cocytus
 70595 | Coc:7    | Received a gift from Okawaru
 70927 | Coc:7    | Reached skill level 10 in Invocations
 71015 | Coc:7    | Noticed Antaeus
 71015 | Coc:7    | Identified the cursed +1 ring mail "Weonwume" {Int+2}
 71016 | Coc:7    | Found the macabre finger necklace {rN+}
 71267 | Pan      | Entered Pandemonium
 71412 | Pan      | Received a gift from Okawaru
 71425 | Pan      | Got a pair of pitted gloves {god gift}
 71428 | Pan      | Identified the +0 pair of gloves "Taeki" {+Fly Dex+2}
                  | (Okawaru gifted it to you in Pandemonium)
 71538 | Pan      | Gained mutation: Your magical capacity is low. (-10% MP) [a
                  | neqoxec]
 71924 | Pan      | Noticed Gozuaricu the pandemonium lord
 71931 | Pan      | Killed Gozuaricu the pandemonium lord
 71998 | Pan      | Gained mutation: You passively map a small area around you.
                  | [a neqoxec]
 72523 | Pan      | Noticed Konakomp the pandemonium lord
 72533 | Pan      | HP: 9/273 [Konakomp the pandemonium lord/iron shot (29)]
 72551 | Pan      | Killed from afar by Konakomp the pandemonium lord

Levels and vault maps discovered:
D:1:      saegor_arrival_simple_a, layout_rooms
D:2:      layout_basic, first_ration, xom_teletrap_fun
D:3:      layout_loops_cross, portal_sewer_entry_f
D:4:      layout_rooms, chequers_temple_overflow_minitemple
D:5:      layout_cave_pools, dancing_weapons_uskayaw, serial_shops,
          shop_fountains
D:6:      layout_gridville, nemelex_xobeh_ov_fountains_minmay
D:7:      layout_cave_pools, lemuel_doored_altar, lemuel_crystal_altar,
          minmay_temple_entry_sparse_star, serial_shops,
          nicolae_shop_waterfront, grunt_livestock, uniq_pikel, uniq_menkaure,
          uniq_crazy_yiuf_cottage
D:8:      layout_loops_ring, nicolae_overflow_hidden_temple,
          gammafunk_temple_overflow_elements
D:9:      dragon1_lemuel, layout_basic, grunt_lair_entry_orc_guard_hut,
          orc_0_dummy, uniq_prince_ribbit1
D:10:     layout_cross, kennysheep_crisscross, nicolae_transmutations_shop,
          minmay_nine_imps, uniq_urug
D:11:     layout_cave_pods, portal_ice_cave_entry_pillars_2, item_on_display_a
D:12:     minmay_clustersquares, layout_basic, enter_trove_3,
          gammafunk_ghost_nasty_kobolds, uniq_azrael
D:13:     layout_basic, basic_altar, st_stairs_6, guppyfry_shop_venom,
          uniq_rupert
D:14:     layout_roguey, erik_vaults_2, minivault_20
D:15:     grunt_enter_depths_magical_seal, layout_basic, serial_glass,
          glass_columns_a, glass_columns_a, nicolae_wwwww, hex_intersection
Lair:1:   layout_roguey, minivault_11, serial_bayou_pond_e,
          minmay_lair_oklob_chamber, grunt_megastairs_4, lemuel_fruit_tree,
          infiniplex_staircase_pool
Lair:2:   layout_cave_pods, guppyfry_snake_entry_island,
          chequers_serial_rivers_room_b, serial_bayou_shore_b,
          grunt_megastairs_5, uniq_harold
Lair:3:   layout_cave_pods, serial_bayou_shore_b
Lair:4:   layout_regular_city, minmay_shoals_entry_centaurs, minivault_29,
          grunt_megastairs_3
Lair:5:   layout_hall_layers, nicolae_slime_entry_slimehenge, basic_altar
Lair:6:   gammafunk_lair_ancient_temple, layout_misc_corridors,
          gauntlet_entry_generic, serial_bayou_shore_a, lemuel_fruit_fields
Shoals:1: layout_shoals, hangedman_feature_mirror
Shoals:2: layout_shoals, nicolae_shoals_wave_tunnel
Shoals:3: layout_shoals, serial_shops,
          nicolae_shop_temple_entry_statues_fountains, uniq_polyphemus,
          uniq_kirke, uniq_ilsuiw
Shoals:4: shoals_end_grunt_ice, layout_shoals, uniq_nikola
Snake:1:  layout_basic
Snake:2:  layout_honeycomb, grunt_megastairs_2, minmay_shop_grove
Snake:3:  layout_gridlike, hangedman_snake_corridor_split, serial_bayou_shore_b,
          uniq_vashnia
Snake:4:  snake_hunt, layout_chambers, grunt_megastairs_1
Slime:1:  layout_caves
Slime:2:  layout_caves
Slime:3:  layout_caves
Slime:4:  layout_caves
Orc:1:    layout_caves, gammafunk_ghost_arena, serial_shops
Orc:2:    st_orc_ogre_mass, layout_diamond_mine, serial_shops, shop_statue
Elf:1:    elf_arrival_001, layout_loops_corners, serial_shops,
          nicolae_shop_trees, kennysheep_underground_church, st_stairs_4
Elf:2:    layout_geoelf_grid, laboratory
Elf:3:    minmay_elf_hall_not_hex, layout_geoelf_octagon, mu_enter_wizlab_1,
          drop_trap
Vaults:1: gammafunk_vaults_ghost_necromancy, nicolae_vaults_network_s,
          grunt_tower_of_power, v_pattern_5, hangedman_vaults_impose, v_misc_17,
          ontoclasm_vaults_gateway, nicolae_vaults_specimen_jars, serial_ice_h,
          layout_vaults_omnibox, uniq_aizul
Vaults:2: v_misc_5, v_misc_29, grunt_vaults_twisty, vaults_dpeg_ring, v_misc_18,
          ontoclasm_vaults_shuriken, layout_vaults_quadrants, uniq_sojobo
Vaults:3: v_misc_29, grunt_vaults_focal, minmay_crypt_entry_vampire_xt,
          kb_rosetta, nicolae_vaults_asterisk, hangedman_vaults_corner_blocks,
          hangedman_vaults_restitches, nicolae_vaults_border_crossing,
          v_misc_18, nicolae_vaults_angled_halls, hangedman_vaults_snaps,
          grunt_vaults_hallway_long, v_alt_pattern_1, vaults_room_grid,
          v_misc_16, ontoclasm_vaults_loading_screen, vaults_mumra_hex,
          layout_vaults_omnicross, basic_altar, uniq_bai_suzhen
Vaults:4: v_misc_8, st_cross, v_rooms_4, nicolae_vaults_shelves_hall,
          ontoclasm_vaults_fault, v_misc_17, v_alt_pattern_4,
          nicolae_vaults_theta, vaults_standard_mumra_x, vaults_dpeg_diagonal,
          ontoclasm_vaults_bender, vaults_dpeg_spiral, hangedman_vaults_slice,
          nicolae_vaults_network_periphery, v_misc_16, layout_vaults_maze_bifur,
          serial_shops, nicolae_shop_stone
Vaults:5: uniq_xtahua, uniq_saint_roka
Crypt:1:  layout_regular_city, serial_sigils_hangedman_scar,
          grunt_crypt_arrival_webbed
Crypt:2:  layout_regular_city, basic_altar, uniq_boris
Crypt:3:  grunt_crypt_end_deaths_head
Tomb:1:   uniq_frederick
Depths:1: layout_gridville, serial_sigils_hangedman_gut, rand_demon_pan_entry_8,
          hell_entry, minmay_misc_feat_more_columns, guppyfry_shop_earth
Depths:2: minmay_the_grid_four_pointed_star [minmay_the_grid_triangle_9x9_sprig,
          minmay_the_grid_triangle_9x9_sparse_checkered,
          minmay_the_grid_triangle_9x9_fully_insulated_deathbox,
          minmay_the_grid_triangle_9x9_dagger,
          minmay_the_grid_prize_diamond_cup], layout_honeycomb, pan_entry,
          grunt_hell_entry_dis_old, minmay_misc_feat_enclosed,
          lightli_giant_bouncers
Depths:3: minmay_curly_fans, layout_cave_pools, ebering_dispersal_statue_hall,
          pan_entry, hell_entry, uniq_jory
Depths:4: minmay_chopped_fan, layout_basic, enter_ziggurat_b, pan_entry,
          hell_entry, hangedman_decor_clover_reticule, minmay_room_of_horrors,
          infiniplex_staircase_pool_2, firewood_loft
Hell
Coc:1:    layout_cocytus_water_paths
Coc:2:    layout_ice_bergs
Coc:3:    layout_ice_bergs
Coc:4:    layout_cocytus_water_paths
Coc:5:    layout_cocytus_water_paths
Coc:6:    layout_cocytus_water_paths
Coc:7:    coc_grunt
Pan:      rand_demon_2, layout_gridlike, evilmike_mini_pan_possible_glass,
          layout_basic

Skill      XL: |  1  2  3  4  5  6  7  8  9 10 11 12 13 14 15 16 17 18 19 20 21 22 23 24 25 26 27 |
---------------+----------------------------------------------------------------------------------+-----
Shields        | 4 5 6 7 8 10 11 12 14 16 18 20 21 23 25 27 | 27.0
Long Blades    | 3 4 5 7 8 10 12 13 15 16 18 19 21 22 24 25 26 27 | 27.0
Armour         | 4 5 6 7 8 10 11 12 13 15 16 17 18 19 20 24 | 24.2
Dodging        | 1 2 3 4 5 6 7 8 9 13 | 13.8
Fighting       | 4 5 7 8 9 10 12 13 14 15 16 18 19 20 21 22 23 24 25 27 | 27.0
Throwing       | 1 2 3 4 5 6 7 |  7.1
Stealth        | 1 2 3 |  3.7
Invocations    | 1 2 3 4 5 6 7 8 11 | 11.8
Slings         | 4 5 6 12 13 14 | 14.0
Evocations     | 1 |  1.1

Action                   |  1- 3 |  4- 6 |  7- 9 | 10-12 | 13-15 | 16-18 | 19-21 | 22-24 | 25-27 || total
-------------------------+-------+-------+-------+-------+-------+-------+-------+-------+-------++-------
Melee: Long sword        |   119 |   178 |   269 |   419 |       |       |       |       |       ||   985
       Headbutt          |    23 |    29 |    58 |   165 |   277 |   310 |   347 |   531 |   691 ||  2431
       Double sword      |       |       |       |   331 |   535 |       |   918 |  1636 |  2284 ||  5704
       Triple sword      |       |       |       |       |   429 |  1194 |   180 |       |       ||  1803
 Fire: Hunting sling     |       |       |       |       |    64 |    49 |   579 |    64 |       ||   756
Throw: Stone             |     5 |     3 |       |     1 |       |       |       |       |       ||     9
       Dart              |       |     6 |    14 |    10 |     5 |       |       |       |       ||    35
       Javelin           |       |       |       |    45 |    49 |     2 |       |       |       ||    96
Invok: Heroism           |       |       |       |     9 |    27 |    27 |    27 |    11 |    16 ||   117
       Finesse           |       |       |       |     1 |     2 |     1 |     6 |     9 |    18 ||    37
 Abil: Evoke Invisibilit |       |       |       |       |       |       |       |     1 |       ||     1
Evoke: Wand              |       |       |       |     3 |       |       |       |       |       ||     3
  Use: Scroll            |       |     4 |    11 |    16 |    10 |    20 |    18 |    13 |    13 ||   105
       Potion            |       |       |     4 |     3 |     3 |     7 |     7 |     4 |     4 ||    32
 Stab: Invisible         |       |       |     1 |     1 |       |       |       |       |       ||     2
       Sleeping          |       |       |       |     1 |       |     1 |       |       |       ||     2
       Distracted        |       |       |       |       |       |       |       |     1 |       ||     1
  Eat: Chunk             |       |     7 |    10 |    18 |    15 |    14 |    27 |    14 |    14 ||   119
       Ration            |       |       |       |     5 |     4 |     7 |     4 |     8 |     8 ||    36
Armor: Scale mail        |    40 |    99 |    91 |    75 |       |       |       |       |       ||   305
       Chain mail        |       |       |       |    51 |       |       |       |       |       ||    51
       Plate armour      |       |       |       |   272 |   469 |   947 |   810 |   384 |   570 ||  3452
Dodge: Dodged            |    41 |    84 |    91 |   207 |   525 |   623 |   634 |   478 |   875 ||  3558
Block: Shield            |    66 |   127 |   162 |   456 |   325 |       |   282 |       |       ||  1418
       Large shield      |       |       |       |       |       |       |   584 |  1580 |  2685 ||  4849
       Rpst.: Long sword |    10 |    15 |    25 |    26 |       |       |       |       |       ||    76
       Double sword      |       |       |       |    26 |    28 |       |    67 |    84 |   123 ||   328
       Triple sword      |       |       |       |       |    72 |   109 |    38 |       |       ||   219
